 Dungeon Crawl Stone Soup version 0.27.0-1-g7a089689b8 (webtiles) character file.

Game seed: 28987133400475815

839 Anothat the Grasshopper (level 8, -2/63 HPs)
             Began as a Gnoll Warper on Aug 3, 2021.
             Slain by an orc wizard (3 damage)
             ... on level 4 of the Dungeon.
             The game lasted 00:10:24 (5638 turns).

Anothat the Grasshopper (Gnoll Warper)              Turns: 5638, Time: 00:10:24

Health: -2/63      AC:  9    Str: 12    XL:     8   Next: 0%
Magic:  16/16      EV: 10    Int: 13    God:
Gold:   149        SH:  0    Dex: 12    Spells: 13/18 levels left

rFire    . . .     SeeInvis .   n - +3 great sword
rCold    . . .     Faith    .   (shield currently unavailable)
rNeg     . . .     Spirit   .   e - +0 scale mail
rPois    .         Reflect  .   (no helmet)
rElec    .         Harm     .   (no cloak)
rCorr    .         Rampage  .   g - +1 pair of gloves
Will     .....                  (no boots)
Stlth    +.........             (no amulet)
HPRegen  0.20/turn              (no ring)
MPRegen  0.15/turn              (no ring)

@: no status effects
A: fangs 1, strong nose, distributed training
a: no special abilities


You were on level 4 of the Dungeon.
You visited 1 branch of the dungeon, and saw 5 of its levels.

You collected 149 gold pieces.

Inventory:

Hand Weapons
 a - a +1 vorpal hand axe
 h - a +0 shortbow
 n - a +3 great sword (weapon)
 s - a +0 war axe
Missiles
 d - 5 boomerangs of dispersal (quivered)
 j - 48 arrows
Armour
 b - a +0 leather armour
 e - a +0 scale mail (worn)
 g - a +1 pair of gloves (worn)
 q - a +0 pair of gloves
 t - a +0 buckler
Jewellery
 m - a ring of ice
 p - a ring of positive energy
Scrolls
 c - 2 scrolls of blinking
 f - a scroll of magic mapping
 k - 2 scrolls of brand weapon
 u - a scroll of amnesia {unknown}
 v - 2 scrolls of identify
Potions
 i - 5 potions of brilliance
 o - 2 potions of haste
 r - a potion of mutation


   Skills:
 + Level 5.4 Fighting
 + Level 2.8 Short Blades
 + Level 2.8 Long Blades
 + Level 5.4 Axes
 + Level 2.8 Maces & Flails
 + Level 2.8 Polearms
 + Level 2.8 Staves
 + Level 2.8 Slings
 + Level 2.8 Bows
 + Level 2.8 Crossbows
 + Level 3.9 Throwing
 + Level 3.9 Armour
 + Level 5.4 Dodging
 + Level 2.8 Stealth
 + Level 2.8 Shields
 + Level 2.8 Unarmed Combat
 + Level 5.8 Spellcasting
 + Level 2.3 Conjurations
 + Level 2.3 Hexes
 + Level 2.3 Summonings
 + Level 2.3 Necromancy
 + Level 6.0 Translocations
 + Level 2.3 Transmutations
 + Level 2.3 Fire Magic
 + Level 2.3 Ice Magic
 + Level 2.3 Air Magic
 + Level 2.3 Earth Magic
 + Level 2.3 Poison Magic
 + Level 3.1 Invocations
 + Level 2.8 Evocations


You had 13 spell levels left.
You knew the following spells:

 Your Spells              Type           Power      Damage    Failure   Level
a - Blink                 Tloc           N/A        N/A       11%         2
b - Gell's Gravitas       Tloc           9%         N/A       22%         3

Your spell library contained the following spells:

 Spells                   Type           Power      Damage    Failure   Level
 Lesser Beckoning         Tloc           9%         N/A       22%         3
 Teleport Other           Tloc           19%        N/A       22%         3
 Slow                     Hex            9%         N/A       43%         2
 Confusing Touch          Hex            9%         N/A       67%         3
 Vampiric Draining        Necr           4%         2d6       67%         3
 Manifold Assault         Tloc           19%        N/A       89%         5
 Yara's Violent Unravell  Hex/Tmut       4%         3d4       100%        5


Dungeon Overview and Level Annotations

Branches:
Dungeon (5/15)
 Temple: D:4-7

Altars:
Vehumet
Yredelemnul
Beogh

Annotations:
D:2 1 runed translucent door, Crazy Yiuf


Innate Abilities, Weirdness & Mutations

You have very sharp teeth.
Your uncanny sense of smell can sniff out nearby items.
Your experience applies equally to all skills.


Message History

You bump into the rock wall.
The orc priest hits you but does no damage.
Something hits you but does no damage.
You bump into the rock wall.
The orc priest barely misses you. Something hits you but does no damage.
You bump into the rock wall.
The orc priest barely misses you.
You hear some strange, mumbled words.
Something tries to affect you, but you resist.
You bump into the rock wall.
The orc priest hits you from afar with a +0 trident.
You hear some strange, mumbled words.
A puff of flame appears from out of thin air!
The puff of flame hits you!
You feel better. The orc priest barely misses you.
You hear some strange, mumbled words.
Something tries to affect you, but you resist.
You barely miss something.
The orc priest hits you from afar with a +0 trident.
Something hits you but does no damage.
The orc priest hits you but does no damage.
You hit something.
The orc priest calls down the wrath of Beogh upon you.
Beogh smites you! Something hits you but does no damage.
You closely miss the orc. The orc hits you but does no damage.
The orc priest hits you but does no damage.
You hear some strange, mumbled words.
A puff of flame appears from out of thin air!
The puff of flame hits you! The orc hits you with a +0 dagger.
The orc priest misses you. Something hits you. Something hits you.
The orc priest calls down the wrath of Beogh upon you.
Beogh smites you!
* * * LOW HITPOINT WARNING * * *
There is a stone staircase leading down here.
The orc hits you but does no damage.
The orc priest calls down the wrath of Beogh upon you.
Beogh smites you!
* * * LOW HITPOINT WARNING * * *
Something hits you.
You die...

######.............
#..##...≈≈≈≈≈≈.....
#...##..≈≈≈≈≈≈..... ####
#....#..≈≈_>≈≈..... ##o$.#
##.....#.≈≈.⌠≈≈..... #.8.8.###
#........≈≈≈≈≈≈..... ##oo$.oo.#
###<.......≈≈≈≈≈≈..... .# ∆
#.###oo.{)................ .## ∆
#.##..##o@................ #.###
#.....###................. ....#
##....# #................. #..##
##.#..####....##...........
....###..#..###...#..##..........
#....##.....##...##..###.........
#...........#...####.###...###...
##...).........####...##....#..#.
#.......##.......##......#.##.##.


You could see an orc priest and 2 orcs.

Vanquished Creatures
  A black bear (D:3)
  2 ogres
  A centaur (D:3)
  A scorpion (D:3)
  3 wights (D:4)
  A gnoll shaman (D:4)
  An orc wizard (D:3)
  An iguana (D:4)
  A hound skeleton (D:4)
  7 adders
  4 gnolls (D:4)
  A worm (D:2)
  3 dart slugs
  8 orcs
  9 endoplasms
  3 giant cockroaches
  8 goblins
  10 hobgoblins
  15 jackals
  10 kobolds
  A quokka (D:2)
  6 ball pythons
  12 bats
  3 frilled lizards
  2 rats (D:1)
114 creatures vanquished.

Vanquished Creatures (others)
  4 fungi (D:1)
  4 plants (D:1)
8 creatures vanquished.

Grand Total: 122 creatures vanquished

Notes
Turn   | Place    | Note
-------+----------+-------------------------------------------
     0 | D:1      | Anothat the Gnoll Warper began the quest for the Orb.
     0 | D:1      | Reached XP level 1. HP: 20/20 MP: 6/6
    39 | D:1      | Reached XP level 2. HP: 20/26 MP: 7/7
   377 | D:1      | Learned a level 2 spell: Blink
   517 | D:1      | Reached XP level 3. HP: 24/31 MP: 9/9
   643 | D:1      | Reached skill level 5 in Spellcasting
   917 | D:1      | Found a faded altar of an unknown god.
  1049 | D:1      | Reached skill level 1 in Invocations
  1250 | D:2      | Reached skill level 1 in Short Blades
  1250 | D:2      | Reached skill level 1 in Long Blades
  1250 | D:2      | Reached skill level 1 in Maces & Flails
  1250 | D:2      | Reached skill level 1 in Polearms
  1250 | D:2      | Reached skill level 1 in Staves
  1250 | D:2      | Reached skill level 1 in Slings
  1250 | D:2      | Reached skill level 1 in Bows
  1250 | D:2      | Reached skill level 1 in Crossbows
  1250 | D:2      | Reached skill level 1 in Stealth
  1250 | D:2      | Reached skill level 1 in Shields
  1250 | D:2      | Reached skill level 1 in Unarmed Combat
  1250 | D:2      | Reached skill level 1 in Evocations
  1440 | D:2      | Reached XP level 4. HP: 25/38 MP: 11/11
  1708 | D:2      | Found a runed translucent door.
  1709 | D:2      | Noticed Crazy Yiuf
  1891 | D:2      | Noticed an ogre
  1897 | D:2      | Killed an ogre
  1898 | D:2      | Reached skill level 1 in Conjurations
  1898 | D:2      | Reached skill level 1 in Hexes
  1898 | D:2      | Reached skill level 1 in Summonings
  1898 | D:2      | Reached skill level 1 in Necromancy
  1898 | D:2      | Reached skill level 1 in Transmutations
  1898 | D:2      | Reached skill level 1 in Fire Magic
  1898 | D:2      | Reached skill level 1 in Ice Magic
  1898 | D:2      | Reached skill level 1 in Air Magic
  1898 | D:2      | Reached skill level 1 in Earth Magic
  1898 | D:2      | Reached skill level 1 in Poison Magic
  1898 | D:2      | Reached XP level 5. HP: 43/43 MP: 12/12
  2373 | D:3      | Noticed a centaur
  2382 | D:3      | Killed a centaur
  2383 | D:3      | Reached XP level 6. HP: 21/50 MP: 13/13
  2975 | D:3      | Reached skill level 5 in Fighting
  2975 | D:3      | Reached skill level 5 in Axes
  2975 | D:3      | Reached skill level 5 in Dodging
  3632 | D:3      | Noticed a black bear
  3634 | D:3      | Killed a black bear
  3635 | D:3      | Reached XP level 7. HP: 56/56 MP: 15/15
  3640 | D:3      | Learned a level 3 spell: Gell's Gravitas
  4738 | D:4      | Found a basalt altar of Yredelemnul.
  5396 | D:4      | Reached skill level 6 in Translocations
  5565 | D:4      | Found a radiant altar of Vehumet.
  5615 | D:5      | Entered Level 5 of the Dungeon
  5623 | D:4      | Reached XP level 8. HP: 62/63 MP: 16/16
  5638 | D:4      | HP: 1/63 [orc priest/divine providence (17)]
  5638 | D:4      | Slain by an orc wizard

Illustrated notes

Levels and vault maps discovered:
D:1:      shiori_arrival_maze, layout_basic,
          shapermc_ecumenical_altar_mp_ritualfount
D:2:      layout_rooms, uniq_crazy_yiuf_cottage
D:3:      layout_basic
D:4:      layout_cave_pools, general_overflow_altar,
          nicolae_overflow_crystal_walls, kennysheep_orc_chapel
D:5:      layout_loops_ring, ashenzari_conservatory_becter,
          mainiacjoe_overflow_boulevard, minmay_temple_entry_antechambers,
          minmay_splitting_lines, uniq_prince_ribbit1

Skill      XL: |  1  2  3  4  5  6  7 |
---------------+----------------------+-----
Spellcasting   | 5 |  5.8
Invocations    | 1 2 3 |  3.1
Short Blades   | 1 2 |  2.8
Long Blades    | 1 2 |  2.8
Maces & Flails | 1 2 |  2.8
Polearms       | 1 2 |  2.8
Staves         | 1 2 |  2.8
Slings         | 1 2 |  2.8
Bows           | 1 2 |  2.8
Crossbows      | 1 2 |  2.8
Stealth        | 1 2 |  2.8
Shields        | 1 2 |  2.8
Unarmed Combat | 1 2 |  2.8
Evocations     | 1 2 |  2.8
Throwing       | 3 |  3.9
Armour         | 3 |  3.9
Conjurations   | 1 2 |  2.3
Hexes          | 1 2 |  2.3
Summonings     | 1 2 |  2.3
Necromancy     | 1 2 |  2.3
Transmutations | 1 2 |  2.3
Fire Magic     | 1 2 |  2.3
Ice Magic      | 1 2 |  2.3
Air Magic      | 1 2 |  2.3
Earth Magic    | 1 2 |  2.3
Poison Magic   | 1 2 |  2.3
Fighting       | 5 |  5.4
Axes           | 5 |  5.4
Dodging        | 5 |  5.4
Translocations | 6 |  6.0

Action                   |  1- 3 |  4- 6 |  7- 9 || total
-------------------------+-------+-------+-------++-------
Melee: Hand axe          |   150 |    93 |       ||   243
       Bite              |    14 |     5 |     7 ||    26
       Punch             |     1 |       |       ||     1
       War axe           |       |    48 |    64 ||   112
       Great sword       |       |       |    31 ||    31
Evoke: Wand              |       |     6 |     3 ||     9
  Use: Scroll            |       |     7 |     2 ||     9
       Potion            |       |     2 |     2 ||     4
 Stab: Invisible         |       |     2 |       ||     2
Armor: Scale mail        |    87 |    94 |    61 ||   242
Dodge: Dodged            |    75 |    68 |    57 ||   200
Block: Buckler           |       |       |     6 ||     6
       Rpst.: Great sword |       |       |     6 ||     6
